 Dungeon Crawl Stone Soup version 0.29-a0-207-gf982a884d8 (webtiles) character file.

Game seed: 7851336599193798707

18458 ReploidZero the Party-goer (level 12, -5/53 (67) HPs)
             Began as a Vine Stalker Fighter on Feb 23, 2022.
             Was an Elder of Uskayaw.
             Slain by a hell rat (9 damage)
             ... on level 2 of the Lair of Beasts.
             The game lasted 00:38:08 (10192 turns).

ReploidZero the Party-goer (Vine Stalker Fighter)  Turns: 10192, Time: 00:38:08

HP:   -5/53 (67)    AC: 17    Str: 23    XL:     12   Next: 58%
MP:   0/38          EV: 12    Int: 17    God:    Uskayaw [****..]
Gold: 553           SH:  5    Dex: 15    Spells: 8/11 levels left

rFire   . . .      SeeInvis .   A - +10 mace of Might {freeze, MP+9}
rCold   . . .      Faith    +   c - +0 buckler
rNeg    . . .      Spirit   +   i - +4 ring mail of Levity {rPois Int+3 Slay+2}
rPois   +          Reflect  .   w - +0 helmet
rElec   .          Harm     .   C - +0 cloak
rCorr   .          Rampage  .   (no gloves)
Will    +....                   H - +2 pair of boots
Stlth   +.........              G - amulet of faith
HPRegen 1.77/turn               m - +6 ring of intelligence
MPRegen 0.26/turn               F - ring of magical power

@: heavily drained, unable to read
A: fangs 3, regeneration 2, magic shield, antimagic bite, no potion heal 2,
inability to read while threatened
a: Renounce Religion, Stomp, Line Pass


You were on level 2 of the Lair of Beasts.
You worshipped Uskayaw.
Uskayaw was aware of your devotion.
You visited 2 branches of the dungeon, and saw 13 of its levels.
You also visited: Sewer and Bailey.

You collected 553 gold pieces.

Inventory:

Hand Weapons
 a - a +1 vampiric long sword
 l - the +10 halberd "Ducvoajint" {freeze, rF++ rC+ Str+3 Dex-4}
   (You found it on level 1 of the Lair of Beasts)

   It freezes those it strikes, dealing additional cold damage.
   It can also slow down cold-blooded creatures.
   Str:       It affects your strength (+3).
   Dex:       It affects your dexterity (-4).
   rF:        It greatly protects you from fire.
   rC:        It protects you from cold.
 A - the +10 mace of Might (weapon) {freeze, MP+9}
   (You found it on level 6 of the Dungeon)

   It freezes those it strikes, dealing additional cold damage.
   It can also slow down cold-blooded creatures.
   MP:        It affects your magic capacity (+9).
Missiles
 n - a throwing net (quivered)
Armour
 c - a +0 buckler (worn)
 i - the +4 ring mail of Levity (worn) {rPois Int+3 Slay+2}
   (You found it on level 4 of the Dungeon)

   Int:       It affects your intelligence (+3).
   Slay:      It affects your accuracy & damage with ranged weapons and melee
   (+2).
   rPois:     It protects you from poison.
 w - a +0 helmet (worn)
 C - a +0 cloak (worn)
 H - a +2 pair of boots (worn)
 M - a +3 chain mail of poison resistance
Jewellery
 g - an amulet of magic regeneration
 m - a +6 ring of intelligence (left hand)
 B - a ring of magical power
 E - an amulet of reflection
 F - a ring of magical power (right hand)
 G - an amulet of faith (around neck)
Wands
 b - a wand of digging (7)
 d - a wand of polymorph (5)
 q - a wand of acid (4)
 v - a wand of flame (49)
Scrolls
 f - 4 scrolls of amnesia
 o - a scroll of brand weapon
 t - 8 scrolls of teleportation
 y - 3 scrolls of enchant armour
 z - 3 scrolls of enchant weapon
 I - 3 scrolls of identify
Potions
 e - 7 potions of brilliance
 h - 3 potions of ambrosia
 j - a potion of resistance
 k - 5 potions of curing
 p - a potion of invisibility
 r - 6 potions of heal wounds
 s - 3 potions of flight
 u - 2 potions of magic
 x - a potion of attraction
Miscellaneous
 K - a piece from Xom's chessboard (15/15)


   Skills:
 + Level 9.7 Fighting
 - Level 8.3 Long Blades
 + Level 8.9 Armour
 + Level 3.8 Dodging
 - Level 5.1 Shields
 + Level 9.8 Invocations


You had 8 spell levels left.
You knew the following spells:

 Your Spells              Type           Power      Damage    Failure   Level
a - Sandblast             Erth           0%         2d4       41%         1
b - Passwall              Tmut/Erth      0%         N/A       56%         2

Your spell library contained the following spells:

 Spells                   Type           Power      Damage    Failure   Level
 Foxfire                  Conj/Fire      0%         2x1d4     41%         1
 Magic Dart               Conj           0%         1d3       41%         1
 Call Imp                 Summ           0%         N/A       56%         2
 Confusing Touch          Hex            0%         N/A       80%         3
 Conjure Flame            Conj/Fire      0%         6-21      80%         3
 Inner Flame              Hex/Fire       0%         N/A       80%         3
 Mephitic Cloud           Conj/Pois/Air  0%         N/A       80%         3
 Stone Arrow              Conj/Erth      0%         3d7       80%         3
 Summon Guardian Golem    Hex/Summ       0%         N/A       80%         3
 Flame Wave               Conj/Fire      0%         2d4       99%         4
 Passage of Golubria      Tloc           0%         N/A       99%         4
 Silence                  Hex/Air        0%         N/A       100%        5
 Summon Mana Viper        Hex/Summ       0%         N/A       100%        5
 Yara's Violent Unravell  Hex/Tmut       0%         3d3       100%        5
 Enfeeble                 Hex            0%         N/A       100%        7
 Lehudib's Crystal Spear  Conj/Erth      0%         10d2      100%        8


Dungeon Overview and Level Annotations

Branches:
Dungeon (11/15)            Temple (0/1) D:4            Lair (2/6) D:8
  Sewer (visited)          Bailey (visited)
  Swamp: Lair:2-4    Shoals: Lair:2-4     Snake: Lair:2-4    Spider: Lair:2-4
    Orc: D:9-12

Altars:
Cheibriados
Elyvilon
Hepliaklqana
Uskayaw
Zin
The Shining One

Shops:
D:1 (   D:4 ?

Annotations:
D:11 Urug


Innate Abilities, Weirdness & Mutations

You have razor-sharp teeth.
You heal very quickly.
When hurt, damage is shared between your health and your magic reserves.
Your bite disrupts and absorbs the magic of your enemies.
Potions cannot restore your health.
You sometimes lose the ability to read scrolls when taking damage.


Message History

The water moccasin bites you. The hell rat completely misses you.
The hell rat barely misses you. The komodo dragon bites you.
The hell rat bites you.
You feel drained.
The hell rat bites you but does no damage.
You miss the water moccasin. Your bite misses the water moccasin.
The water moccasin bites you.
You feel threatened and lose the ability to read scrolls!
The hell rat bites you.
You feel drained.
The hell rat bites you but does no damage.
The hell rat bites you!
You feel drained. The hell rat misses you.
The komodo dragon bites you but does no damage.
The water moccasin bites you. The hell rat bites you!
You feel drained. The hell rat bites you!
The hell rat bites you but does no damage.
The hell rat bites you!
* * * LOW HITPOINT WARNING * * *
You feel drained.
* * * LOW HITPOINT WARNING * * *
The komodo dragon bites you!
* * * LOW HITPOINT WARNING * * *
Unknown command.
Okay, then.
Okay, then.
Okay, then.
You cannot read scrolls in your current state!
Unknown command.
Hit: A) +10 mace of Might {freeze, MP+9}
Press: ? - help, Dir - move target, f - komodo dragon
Aim: a komodo dragon (severely wounded, sharing its pain, about 22% to evade the +10 mace of Might)
Okay, then.
Unknown command.
You sock the hell rat!
You kill the hell rat! x4
You freeze the hell rat.
You kill the hell rat!
The hell rat is no longer sharing its pain.
You block the water moccasin's attack. The hell rat barely misses you. x2
The water moccasin closely misses you. The komodo dragon barely misses you.
The hell rat bites you!
You die...

###....... .##
#........ ...# ##
#....##..... #.#
###..<...# #
#..##...)....#.
..##........⌠....#
.....#....##......#
#.....†r.#######...#
.PP#..@## #... .#
#.lSr# ... +....F†..
.. ...⌠.....⌠..<
#.+............ #
###...###.... ....#
#### ###...


You could see a komodo dragon (pain bonded), a cane toad (pain bonded), a water
moccasin (pain bonded) and 2 hell rats.

Vanquished Creatures
  Gastronok (D:9)
  Snorg (D:10)
  3 hydras
  Harold (D:8)
  2 two-headed ogres
  Pikel (D:8)
  An oklob plant (Lair:1)
  Maurice (D:8)
  2 cane toads (Lair:1)
  Maggie (D:9)
  A gargoyle (Bailey)
  2 rime drakes
  A polar bear (Lair:1)
  A hornet (shapeshifter) (D:10)
  2 vampires (Bailey)
  15 yaks
  6 wyverns
  Grum (D:10)
  A steam dragon (D:9)
  7 water moccasins
  2 orc warriors
  An ice beast (D:5)
  A necrophage (D:6)
  4 ogres
  4 wolves (D:10)
  4 centaurs
  2 phantoms (D:7)
  3 kobold brigands
  6 bullfrogs
  A gnoll sergeant (D:8)
  A wyvern zombie (D:6)
  A water moccasin zombie (D:6)
  3 water moccasin skeletons
  16 wights
  6 vampire bats (Bailey)
  An electric eel (Lair:1)
  6 wolf zombies (Bailey)
  3 centaur zombies
  A howler monkey (D:11)
  A bullfrog zombie (D:7)
  2 jellies
  6 orc priests
  2 centaur skeletons
  3 bullfrog skeletons
  5 iguanas
  12 orc wizards
  5 hell rats (Lair:2)
  A killer bee zombie (D:8)
  A hound zombie (D:5)
  A howler monkey zombie (D:10)
  4 gnolls (D:8)
  7 river rats (Sewer)
  9 adders
  A shadow imp (D:7)
  A white imp (D:4)
  3 worms
  4 dart slugs
  27 orcs
  7 ball pythons
  8 bats
  9 endoplasms
  4 giant cockroaches
  12 goblins
  6 hobgoblins
  6 jackals
  8 quokkas
  4 frilled lizards
  3 goblin zombies (D:7)
  4 hobgoblin zombies (D:7)
  18 kobolds
  A kobold skeleton (D:7)
  A kobold zombie (D:7)
  An orc skeleton (D:7)
  24 orc zombies (Bailey)
  21 rats
349 creatures vanquished.

Vanquished Creatures (others)
  2 fungi (D:8)
  3 plants
5 creatures vanquished.

Grand Total: 354 creatures vanquished

Notes
Turn   | Place    | Note
-------+----------+-------------------------------------------
     0 | D:1      | ReploidZero the Vine Stalker Fighter began the quest for
                  | the Orb.
     0 | D:1      | Reached XP level 1. HP: 11/11 MP: 2/2
   300 | D:1      | Found Nafexuif's Antique Weapon Shoppe.
   359 | D:1      | Reached XP level 2. HP: 15/16 MP: 1/3
   453 | D:1      | Found a faded altar of an unknown god.
   740 | D:2      | Reached XP level 3. HP: 16/20 MP: 4/4
  1533 | D:2      | Gained mutation: Your natural rate of healing is unusually
                  | fast. [Vine Stalker growth]
  1533 | D:2      | Reached XP level 4. HP: 19/24 MP: 5/5
  1573 | D:2      | Found a snail-covered altar of Cheibriados.
  1843 | D:3      | Found a hide-covered altar of Uskayaw.
  1900 | D:3      | Noticed a bullfrog
  1905 | D:3      | Killed a bullfrog
  1906 | D:3      | Reached XP level 5. HP: 28/28 MP: 6/6
  1910 | D:3      | Found a snail-covered altar of Cheibriados.
  2118 | D:3      | Became a worshipper of Uskayaw the Reveller
  2169 | D:3      | Reached * piety under Uskayaw
  2542 | D:4      | Reached ** piety under Uskayaw
  2594 | D:4      | Identified the +4 ring mail of Levity {rPois Int+3 Slay+2}
  2834 | D:4      | Found Qateha's Magic Scroll Emporium.
  2902 | D:4      | Found a staircase to the Ecumenical Temple.
  2972 | D:4      | Noticed an ogre
  2975 | D:4      | Killed an ogre
  2976 | D:4      | Reached skill level 1 in Invocations
  2976 | D:4      | Reached XP level 6. HP: 33/33 MP: 6/8
  3196 | D:4      | Reached XP level 7. HP: 32/37 MP: 9/9
  3401 | D:5      | Entered Level 5 of the Dungeon
  3469 | D:5      | Reached *** piety under Uskayaw
  3619 | D:5      | Found a glowing drain.
  3630 | Sewer    | Entered a sewer
  3661 | Sewer    | Reached **** piety under Uskayaw
  3911 | Sewer    | Gained mutation: You have razor-sharp teeth. [Vine Stalker
                  | growth]
  3911 | Sewer    | Reached XP level 8. HP: 40/42 MP: 11/11
  4379 | D:5      | Reached skill level 5 in Fighting
  4774 | D:5      | Found a glowing silver altar of Zin.
  4774 | D:5      | Found a white marble altar of Elyvilon.
  4829 | D:6      | Learned a level 1 spell: Sandblast
  4891 | D:6      | Identified the +10 mace of Might {freeze, MP+9}
  4963 | D:6      | Reached skill level 5 in Long Blades
  4963 | D:6      | Reached skill level 5 in Armour
  5089 | D:5      | Reached XP level 9. HP: 31/47 MP: 13/13
  5353 | D:6      | Learned a level 2 spell: Passwall
  5406 | D:7      | Reached skill level 5 in Invocations
  5443 | D:7      | Found a glowing golden altar of the Shining One.
  5829 | D:8      | Found a staircase to the Lair.
  5890 | D:7      | Reached XP level 10. HP: 36/53 MP: 15/15
  6014 | D:8      | Noticed Harold
  6029 | D:8      | Reached ***** piety under Uskayaw
  6031 | D:8      | Killed Harold
  6216 | D:8      | Noticed Pikel
  6224 | D:8      | Killed Pikel
  6225 | D:8      | Reached XP level 11. HP: 39/60 MP: 17/17
  6286 | D:8      | Found a hazy altar of Hepliaklqana.
  6315 | D:8      | Noticed Maurice
  6334 | D:8      | Killed Maurice
  6370 | D:8      | Noticed a two-headed ogre
  6376 | D:8      | Killed a two-headed ogre
  6732 | D:9      | Noticed a two-headed ogre
  6737 | D:9      | Killed a two-headed ogre
  6881 | D:9      | Found a flagged portal.
  6910 | Bailey   | Entered a bailey
  6995 | Bailey   | Got the Collected Works on Execration
  7369 | Bailey   | Gained mutation: You sometimes lose the ability to read
                  | scrolls when taking damage. [potion of mutation]
  7369 | Bailey   | Gained mutation: You heal very quickly. [potion of
                  | mutation]
  7512 | D:9      | Noticed Gastronok
  7528 | D:9      | Killed Gastronok
  7529 | D:9      | Reached skill level 1 in Dodging
  7615 | D:9      | Noticed Maggie
  7623 | D:9      | Killed Maggie
  8003 | D:10     | Entered Level 10 of the Dungeon
  8338 | D:10     | Noticed Snorg
  8344 | D:10     | Killed Snorg
  8428 | D:10     | Noticed Grum
  8434 | D:10     | Reached XP level 12. HP: 56/66 MP: 19/19
  8496 | D:10     | Killed Grum
  9124 | D:11     | Noticed a six-headed hydra
  9129 | D:11     | Noticed Urug
  9142 | D:10     | Killed a six-headed hydra
  9143 | D:10     | Reached skill level 5 in Shields
  9260 | Lair:1   | Entered Level 1 of the Lair of Beasts
  9550 | Lair:1   | Identified the +10 halberd "Ducvoajint" {freeze, rF++ rC+
                  | Str+3 Dex-4}
  9812 | Lair:1   | Noticed an eight-headed hydra
  9818 | Lair:1   | Killed an eight-headed hydra
  9844 | Lair:1   | Identified the +3 spear of Turmoil {speed, MP-9 SInv
                  | Stlth+}
 10068 | Lair:1   | Noticed a five-headed hydra
 10074 | Lair:1   | Killed a five-headed hydra
 10191 | Lair:2   | HP: 1/53 [komodo dragon (12)]
 10192 | Lair:2   | Slain by a hell rat

Illustrated notes

Levels and vault maps discovered:
D:1:      grunt_arrival_crossed_arrows, layout_loops_ring,
          basic_ecumenical_altar, serial_shops, shop_statue
D:2:      layout_rooms, basic_altar
D:3:      layout_basic, mainiacjoe_overflow_small_starburst,
          amcnicky_altar_gilded
D:4:      layout_loops_corners, minmay_temple_entry_slanted, serial_shops,
          nicolae_shop_hallway_plus, chequers_decorated_corner
D:5:      layout_loops_ring, gammafunk_temple_overflow_statue,
          gup_sewer_entry_pipe, hex_tiny
D:6:      layout_cave_pools, grunt_ministairs_15
D:7:      layout_rooms, nicolae_tso_besieged_by_evil, grunt_ministairs_9
D:8:      layout_gridville, worldfamousw_hep_ancestral_shrine,
          minmay_lair_entry_grove, uniq_maurice, uniq_pikel, uniq_harold
D:9:      layout_long_grid, enter_bailey_5, uniq_maggie, uniq_gastronok
D:10:     layout_loops_corners, uniq_snorg, uniq_grum
D:11:     layout_rooms, uniq_erolcha, uniq_urug
Lair:1:   layout_loops_ring, minivault_27, minmay_lair_oklob_items,
          infiniplex_staircase_pool, serial_bayou_shore_b, grunt_megastairs_1
Lair:2:   layout_cave_pods, nicolae_volcano_entry_s_turn,
          chequers_serial_rivers_micro_b, grunt_megastairs_5, lemuel_fruit_tree,
          uniq_erica

Skill      XL: |  1  2  3  4  5  6  7  8  9 10 11 12 |
---------------+-------------------------------------+-----
Long Blades    | 2 3 4 5 6 7 8 |  8.3
Shields        | 3 4 5 |  5.1
Fighting       | 3 4 5 6 8 9 |  9.7
Armour         | 3 4 5 6 7 8 |  8.9
Invocations    | 1 3 4 6 7 9 |  9.8
Dodging        | 2 3 |  3.8

Action                   |  1- 3 |  4- 6 |  7- 9 | 10-12 || total
-------------------------+-------+-------+-------+-------++-------
Melee: Long sword        |   119 |   137 |   249 |       ||   505
       Bite              |    34 |    32 |    99 |   146 ||   311
       Mace              |       |       |   125 |   380 ||   505
Throw: Throwing net      |       |       |     1 |       ||     1
Invok: Stomp             |       |       |       |     2 ||     2
       Line Pass         |       |       |       |     1 ||     1
Evoke: Wand              |       |     2 |     3 |    18 ||    23
  Use: Scroll            |       |    12 |     8 |     6 ||    26
       Potion            |       |       |     1 |     8 ||     9
 Stab: Paralysed         |       |       |    17 |    30 ||    47
       Invisible         |       |       |       |     1 ||     1
Armor: Scale mail        |    74 |    53 |       |       ||   127
       Ring mail         |       |    33 |   226 |   347 ||   606
Dodge: Dodged            |    61 |    76 |   234 |   314 ||   685
Block: Buckler           |    34 |    52 |   107 |   183 ||   376

Table legend: (Time is in decaauts)
 A = Elapsed time spent in this place.
 B = Non-inter-level travel time spent in this place.
 C = Inter-level travel time spent in this place.
 D = Time resting spent in this place.
 E = Time spent auto-exploring this place.
 F = Levels seen in this place.
 G = Mean time per level.
                   A        B        C        D        E       F      G
               +--------+--------+--------+--------+--------+-----+--------+
         Total |  10518 |  10034 |    484 |      0 |   7258 |  15 |  701.2 |
       Dungeon |   8491 |   8032 |    459 |      0 |   5972 |  11 |  771.9 |
          Lair |    961 |    936 |     25 |      0 |    787 |   2 |  480.5 |
         Sewer |    531 |    531 |      0 |      0 |    219 |   1 |  531.0 |
        Bailey |    534 |    534 |      0 |      0 |    278 |   1 |  534.0 |
               +--------+--------+--------+--------+--------+-----+--------+

Top non-repeatable levels by time:
    D:10: 1152 daAuts
     D:1: 1085 daAuts
     D:5: 973 daAuts
     D:2: 947 daAuts
  Lair:1: 939 daAuts
     D:4: 902 daAuts
     D:8: 877 daAuts
     D:9: 832 daAuts
     D:7: 586 daAuts
     D:3: 563 daAuts
  Bailey: 534 daAuts
     D:6: 531 daAuts
   Sewer: 531 daAuts
    D:11: 37 daAuts
  Lair:2: 22 daAuts
